 Dungeon Crawl Stone Soup version 0.20.1-1-g8b1a95d (webtiles) character file.

10495 Gremour the Carver (level 11, 0/60 HPs)
             Began as a Gargoyle Fighter on Nov 12, 2017.
             Was a Priest of Qazlal.
             Slain by a two-headed ogre
             ... wielding a +0 giant spiked club
              (19 damage)
             ... on level 10 of the Dungeon on Nov 13, 2017.
             The game lasted 00:58:12 (10796 turns).

Gremour the Carver (Gargoyle Fighter)              Turns: 10796, Time: 00:58:13

Health: 0/60       AC: 21    Str: 23    XL:     11   Next: 63%
Magic:  11/11      EV:  7    Int:  8    God:    Qazlal [***...]
Gold:   496        SH: 18    Dex: 15    Spells: 10/10 levels left

rFire    + . .     SeeInvis .   a - +1 long sword
rCold    . . .     Gourm    .   c - +1 shield
rNeg     + . .     Faith    +   w - +1 chain mail {MR+}
rPois    ∞         Spirit   .   z - +2 hat {MR+}
rElec    +         Reflect  .   (no cloak)
rCorr    .         Harm     .   (no gloves)
MR       +++..                  t - +0 pair of boots (curse)
Stlth    ..........             H - amulet of faith
Regen    0.2/turn               j - ring of protection from fire
MPRegen  0.2/turn               F - +3 ring of dexterity

@: no status effects
A: blink, low mp 1, magic resistance 1, negative energy resistance 1,
electricity resistance, strong 1, unbreathing, petrification resistance, rot
immunity, AC +7
a: Blink, Upheaval, Elemental Force, Renounce Religion


You were on level 10 of the Dungeon.
You worshipped Qazlal.
Qazlal was most pleased with you.
You were not hungry.

You visited 2 branches of the dungeon, and saw 11 of its levels.

You collected 496 gold pieces.

Inventory:

Hand Weapons
 a - a +1 long sword (weapon)
 x - a +1 falchion of holy wrath
Armour
 c - a +1 shield (worn)
 g - a +0 ring mail of cold resistance
 h - a +0 hat
 q - a +0 leather armour of fire resistance
 t - a cursed +0 pair of boots (worn)
 w - a +1 chain mail of magic resistance (worn)
 z - a +2 hat of magic resistance (worn)
 J - +0 acid dragon scales
Jewellery
 j - a ring of protection from fire (left hand)
 n - an uncursed amulet of guardian spirit
 u - an uncursed ring of protection from cold
 E - an uncursed ring of protection from magic
 F - a +3 ring of dexterity (right hand)
 H - an amulet of faith (around neck)
 L - an uncursed ring of flight
 O - an uncursed ring of protection from magic
 S - a +4 amulet of reflection
Wands
 d - a wand of polymorph (5/24)
 l - a wand of iceblast (13/15)
 m - a wand of iceblast (6/15)
 o - a wand of flame (18/48)
 s - a wand of disintegration (9/24)
 y - a wand of clouds (3/9)
 G - a wand of enslavement (14/24)
 K - a wand of iceblast (8/15)
Scrolls
 e - 4 scrolls of fog
 i - 3 scrolls of identify
 p - 2 scrolls of amnesia
 v - 7 scrolls of remove curse
 I - 2 scrolls of enchant armour
 M - a scroll of magic mapping
 P - a scroll of fear {unknown}
Potions
 r - a potion of mutation
 C - a potion of brilliance
 N - a potion of lignification
 R - 2 potions of curing
Books
 D - a book of the Earth

   Spells                             Type                      Level
   a - Leda's Liquefaction            Hexes/Earth                  4
   b - Bolt of Magma                  Conjuration/Fire/Earth       5
   c - Statue Form                    Transmutation/Earth          6
   d - Iron Shot                      Conjuration/Earth            6
   e - Shatter                        Earth                        9
Miscellaneous
 k - a crystal ball of energy
 Q - a crystal ball of energy
Comestibles
 b - 12 royal jellies
 f - 6 bread rations
 A - a meat ration
 B - 2 fruits


   Skills:
 - Level 3.2 Fighting
 + Level 13.1 Long Blades
 * Level 4.5 Armour
 + Level 11.2 Shields
 + Level 1.6 Evocations


You had 10 spell levels left.
You didn't know any spells.

Dungeon Overview and Level Annotations

Branches:
Dungeon (10/15)            Temple (1/1) D:5            Lair (0/6) D:9
    Orc (0/2) D:10

Altars:
Ashenzari
Cheibriados
Dithmenos
Elyvilon
Fedhas
Gozag
Hepliaklqana
Kikubaaqudgha
Makhleb
Nemelex Xobeh
Okawaru
Qazlal
Ru
Sif Muna
Trog
Uskayaw
Vehumet
Xom
Yredelemnul
Zin
The Shining One


Innate Abilities, Weirdness & Mutations

You are resistant to torment.
Your stone body is resilient. (AC +7)
You are immune to poison.
You resist negative energy. (rN+)
You are resistant to electric shocks. (rElec)
You can survive without breathing.
You are immune to petrification.
You are immune to rotting.
You can translocate small distances at will.
Your magical capacity is low. (-10% MP)
You are resistant to hostile enchantments. (MR+)
Your muscles are strong. (Str +2)


Message History

You completely miss the two-headed ogre.
The two-headed ogre is moderately wounded.
The two-headed ogre hits you with a giant spiked club.
You block the two-headed ogre's attack.
You hit the two-headed ogre.
The two-headed ogre is moderately wounded.
You block the two-headed ogre's attack. x2
You completely miss the two-headed ogre.
The two-headed ogre is moderately wounded.
You slash the two-headed ogre!
The two-headed ogre is heavily wounded.
The two-headed ogre hits you with a giant spiked club!
You block the two-headed ogre's attack.
You slash the two-headed ogre!
The two-headed ogre is severely wounded.
You barely miss the two-headed ogre.
The two-headed ogre is severely wounded.
The two-headed ogre is struck by lightning.
The two-headed ogre hits you with a giant spiked club!!
You die...

#......#####....#
#...............#
#...............#
#...............#
#...............#
#......#####....#
#......# #....#
#...§§.# ######
###...@§.#
#.....O..#
#........#
#........#
#........+
#........#
[....$....#
...........
............


You could see a two-headed ogre.

Vanquished Creatures
  Gastronok (D:8)
  2 two-headed ogres (D:8)
  A deep elf mage (D:7)
  Joseph (D:7)
  A queen bee (D:8)
  4 hippogriffs
  A wyvern (D:9)
  A hungry ghost (D:7)
  Edmund (D:4)
  An acid dragon (D:8)
  2 porcupines (D:9)
  3 phantoms
  2 ice beasts
  2 orc warriors (D:9)
  A sky beast (D:9)
  A black bear (D:8)
  2 ogres
  2 centaurs
  2 crocodiles (D:9)
  A big kobold (D:8)
  11 bullfrogs
  A wyvern zombie (D:6)
  A wyvern skeleton (D:10)
  5 scorpions
  15 killer bees (D:8)
  2 wights
  9 howler monkeys
  3 electric eels (D:8)
  A bullfrog zombie (D:7)
  8 crimson imps
  2 centaur zombies
  2 hounds (D:7)
  5 jellies
  7 orc priests
  A bullfrog skeleton (D:7)
  A centaur skeleton (D:5)
  7 orc wizards
  Ijyb (D:3)
  An iguana (D:7)
  Natasha (D:2)
  6 worker ants
  A hound skeleton (D:5)
  A howler monkey skeleton (D:7)
  6 gnolls
  8 adders
  2 shadow imps
  2 oozes
  An adder zombie (D:7)
  An adder skeleton (D:6)
  2 worms (D:4)
  A dart slug (D:1)
  5 leopard geckos
  39 orcs
  2 ball pythons
  6 giant cockroaches
  8 goblins
  5 hobgoblins
  13 jackals
  4 quokkas
  5 bats
  2 frilled lizards
  16 kobolds
  A leopard gecko skeleton (D:4)
  A quokka skeleton (D:8)
  9 rats
263 creatures vanquished.

Vanquished Creatures (others)
  22 fungi (D:9)
  3 plants (D:9)
25 creatures vanquished.

Grand Total: 288 creatures vanquished

Notes
Turn   | Place    | Note
-------+----------+-------------------------------------------
     0 | D:1      | Gremour the Gargoyle Fighter began the quest for the Orb.
     0 | D:1      | Reached XP level 1. HP: 14/14 MP: 1/1
    17 | D:1      | Reached skill level 2 in Long Blades
    99 | D:1      | Reached XP level 2. HP: 16/19 MP: 2/2
   419 | D:1      | Reached skill level 3 in Long Blades
   425 | D:1      | Reached XP level 3. HP: 19/23 MP: 3/3
   981 | D:1      | You fall through a shaft!
  1555 | D:2      | Found an ancient bone altar of Kikubaaqudgha.
  1557 | D:2      | Found a burning altar of Makhleb.
  1557 | D:2      | Found a shimmering altar of Xom.
  1559 | D:2      | Found a glowing golden altar of the Shining One.
  1559 | D:2      | Found a shimmering altar of Xom.
  1559 | D:2      | Found a deep blue altar of Sif Muna.
  1714 | D:2      | Reached XP level 4. HP: 8/28 MP: 4/4
  1718 | D:2      | Reached skill level 4 in Long Blades
  1967 | D:2      | Noticed Natasha
  1976 | D:2      | Killed Natasha
  2157 | D:3      | Noticed Ijyb
  2204 | D:3      | Killed Ijyb
  2204 | D:3      | Reached XP level 5. HP: 32/32 MP: 5/5
  2287 | D:3      | You fall through a shaft!
  2325 | D:4      | Found an iron altar of Okawaru.
  2462 | D:3      | Reached skill level 5 in Long Blades
  2626 | D:3      | Reached XP level 6. HP: 9/37 MP: 4/6
  3325 | D:3      | Found a radiant altar of Vehumet.
  3840 | D:4      | Noticed Edmund
  3860 | D:4      | Gained mutation: Your magical capacity is low. (-10% MP) [potion of mutation]
  3860 | D:4      | Gained mutation: You are resistant to hostile enchantments. (MR+) [potion of mutation]
  3860 | D:4      | Gained mutation: Your muscles are strong. (Str +2) [potion of mutation]
  3860 | D:4      | Gained mutation: You can translocate small distances at will. [potion of mutation]
  3875 | D:4      | Killed Edmund
  3875 | D:4      | Reached skill level 6 in Long Blades
  3879 | D:4      | Reached XP level 7. HP: 14/41 MP: 1/6
  4175 | D:5      | Entered Level 5 of the Dungeon
  4224 | D:5      | Reached skill level 7 in Long Blades
  4428 | D:5      | Found a shattered altar of Ashenzari.
  4526 | D:5      | Found a staircase to the Ecumenical Temple.
  4534 | Temple   | Entered the Ecumenical Temple
  5222 | D:5      | Reached skill level 8 in Long Blades
  5424 | D:6      | Found a hazy altar of Hepliaklqana.
  5430 | D:6      | Reached XP level 8. HP: 46/46 MP: 7/7
  5914 | D:6      | Reached skill level 9 in Long Blades
  6257 | D:7      | Noticed Joseph
  6289 | D:7      | Killed Joseph
  6289 | D:7      | Reached skill level 10 in Long Blades
  6289 | D:7      | Reached XP level 9. HP: 22/51 MP: 4/8
  6291 | D:7      | Reached skill level 5 in Shields
  6544 | D:7      | Found a large runed door.
  6544 | D:7      | Found a large runed door.
  6637 | D:7      | Found a large runed door.
  6637 | D:7      | Found a large runed door.
  6672 | D:7      | Reached skill level 11 in Long Blades
  6939 | D:7      | Found a stormy altar of Qazlal.
  6947 | D:7      | Became a worshipper of Qazlal Stormbringer
  7621 | D:8      | Found a sacrificial altar of Ru.
  7678 | D:8      | Reached XP level 10. HP: 40/56 MP: 9/9
  7710 | D:8      | Reached * piety under Qazlal
  7840 | D:8      | Noticed a two-headed ogre
  7879 | D:8      | Killed a two-headed ogre
  7909 | D:8      | Reached skill level 12 in Long Blades
  8611 | D:7      | Noticed a deep elf mage
  8620 | D:7      | Killed a deep elf mage
  8781 | D:8      | Noticed Gastronok
  8829 | D:8      | Killed Gastronok
  8829 | D:8      | Reached skill level 10 in Shields
  8829 | D:8      | Reached skill level 1 in Evocations
  8829 | D:8      | Reached XP level 11. HP: 16/60 MP: 10/10
  9178 | D:8      | Reached ** piety under Qazlal
  9629 | D:8      | Noticed a two-headed ogre
  9637 | D:8      | Killed a two-headed ogre
 10027 | D:9      | Found a shadowy altar of Dithmenos.
 10157 | D:9      | Reached skill level 13 in Long Blades
 10415 | D:9      | Reached *** piety under Qazlal
 10522 | D:9      | Found a hide-covered altar of Uskayaw.
 10526 | D:9      | Noticed a dagger
 10527 | D:9      | Noticed a hand axe
 10573 | D:9      | Found a white marble altar of Elyvilon.
 10573 | D:9      | Found a deep blue altar of Sif Muna.
 10573 | D:9      | Found a glowing golden altar of the Shining One.
 10617 | D:9      | Found a staircase to the Lair.
 10714 | D:10     | Entered Level 10 of the Dungeon
 10714 | D:10     | Found a staircase to the Orcish Mines.
 10784 | D:10     | Noticed a two-headed ogre
 10796 | D:10     | Slain by a two-headed ogre

Skill      XL: |  1  2  3  4  5  6  7  8  9 10 11 |
---------------+----------------------------------+-----
Long Blades    | 2 3 4 5 6 8 10 11 12 13 | 13.1
Shields        | 4 6 10 11 | 11.2
Evocations     | 1 |  1.6
Armour         | 4 |  4.5
Fighting       | |  3.2

Action                   |  1- 3 |  4- 6 |  7- 9 | 10-12 || total
-------------------------+-------+-------+-------+-------++-------
Melee: Long sword        |   162 |   172 |   446 |   568 ||  1348
       Unarmed           |       |    11 |       |       ||    11
Evoke: Wand              |       |     2 |       |    13 ||    15
  Use: Potion            |     1 |     3 |     5 |     6 ||    15
       Scroll            |       |    11 |     7 |     3 ||    21
 Stab: Confused          |       |     3 |       |       ||     3
  Eat: Chunk             |     1 |     6 |    13 |     5 ||    25
       Meat ration       |       |     1 |       |     1 ||     2
       Fruit             |       |       |       |     1 ||     1
Armor: Scale mail        |    13 |       |       |       ||    13
       Ring mail         |    70 |    55 |    16 |       ||   141
       Skin              |       |     3 |    16 |       ||    19
       Chain mail        |       |       |   205 |   160 ||   365
Dodge: Dodged            |    49 |    53 |    76 |    86 ||   264
Block: Shield            |    88 |    61 |   213 |   364 ||   726
       Rpst.: Long sword |    15 |    17 |    18 |    23 ||    73
